 Dungeon Crawl Stone Soup version 0.32-a0-172-gc5dd13f2a7 (webtiles) character file.

Game seed: 1031771338951897986

18 croobank the Sneak (level 2, 0/24 HPs)
             Began as a Human Delver on Feb 12, 2024.
             Was an Initiate of Fedhas.
             Slain by a hound (3 damage)
             ... on level 4 of the Dungeon.
             The game lasted 00:01:22 (194 turns).

croobank the Sneak (Human Delver)                    Turns: 194, Time: 00:01:23

Health: 0/24       AC:  3    Str: 12    XL:     2   Next: 70%
Magic:  2/2        EV: 12    Int: 10    God:    Fedhas [......]
Gold:   41         SH:  0    Dex: 14    Spells: 1/1 levels left

rFire   . . .        a - +0 short sword
rCold   . . .        (no shield)
rNeg    . . .        b - +0 leather armour
rPois   .            (no helmet)
rElec   .            (no cloak)
rCorr   .            (no gloves)
SInv    .            (no boots)
Will    .....        (no amulet)
Stlth   +++          (no ring)
HPRegen 0.24/turn    (no ring)
MPRegen 0.08/turn

%: no passive effects
@: hasted, very quick
A: explore regen
a: Renounce Religion


You were on level 4 of the Dungeon.
You worshipped Fedhas.
Fedhas was noncommittal.
You visited 2 branches of the dungeon, and saw 4 of its levels.

You collected 41 gold pieces.

Inventory:

Hand Weapons
 a - a +0 short sword (weapon)
Armour
 b - a +0 leather armour (worn)
Wands
 g - a wand of digging (3)
Scrolls
 c - a scroll of fog
 d - a scroll of revelation


   Skills:
 + Level 3.2 Fighting
 + Level 2.3 Short Blades
 + Level 2.3 Dodging
 + Level 5.1 Stealth
 + Level 0.3 Invocations


You had one spell level left.
You didn't know any spells.
Your spell library was empty.

Dungeon Overview and Level Annotations

Branches:
Dungeon (6/15)             Temple (1/1) D:5

Altars:
Ashenzari
Cheibriados
Dithmenos
Elyvilon
Fedhas
Gozag
Hepliaklqana
Kikubaaqudgha
Nemelex Xobeh
Okawaru
Qazlal
Ru
Trog
Uskayaw
Vehumet
Wu Jian
Xom
Yredelemnul
Zin
The Shining One


Innate Abilities, Weirdness & Mutations

You regain HP and MP as you explore.


Message History

No target in view!
No target in view!
No target in view!
HP restored.
You now have 41 gold pieces (gained 13).
An orc comes into view. It is wielding a +0 short sword.
A hound comes into view.
Found a stone staircase leading up.
The orc shouts!
The hound barks!
The orc hits you but does no damage.
You barely miss the orc. The orc closely misses you.
You hit the orc but do no damage. The orc hits you with a +0 short sword.
You hit the hound.
The hound is lightly wounded.
The hound bites you. The orc hits you with a +0 short sword.
You closely miss the hound.
The hound is lightly wounded.
The hound misses you. The orc completely misses you.
The hound barely misses you.
You hit the hound.
The hound is lightly wounded.
The hound bites you. The orc hits you but does no damage.
You are too injured to fight recklessly!
The orc attacks as it pursues you! The orc hits you with a +0 short sword.
The orc attacks as it pursues you! The orc misses you.
The hound bites you but does no damage. The hound bites you.
* * * LOW HITPOINT WARNING * * *
The orc attacks as it pursues you! The orc hits you with a +0 short sword.
* * * LOW HITPOINT WARNING * * *
The hound attacks as it pursues you! The hound closely misses you.
The hound misses you.
You feel yourself speed up. The hound barely misses you.
The hound closely misses you.
There is a stone staircase leading down here.
The hound attacks as it pursues you! The hound bites you.
* * * LOW HITPOINT WARNING * * *
The hound attacks as it pursues you! The hound bites you.
You die...
Fedhas appreciates your contribution to the ecosystem.

#..######
##.......#
#........<
##........# #
#...####### #.
#.#......##
#.##.#.......#
+...o#.......#
###..#@#+#...#
#..>#h..#.#####
##.........†..#
#............#
#............+
#............#
..............#
###............#
#............#


You could see a hound.

Vanquished Creatures
  2 adders
2 creatures vanquished.

Notes
Turn   | Place    | Note
-------+----------+-------------------------------------------
     0 | D:5      | croobank the Human Delver began the quest for the Orb.
     0 | D:5      | Reached XP level 1. HP: 18/18 MP: 1/1
     4 | D:6      | Noticed a hound
    70 | D:5      | Found a staircase to the Ecumenical Temple.
    81 | D:5      | Reached XP level 2. HP: 24/24 MP: 2/2
    91 | Temple   | Entered the Ecumenical Temple
   110 | Temple   | Became a worshipper of Fedhas Madash
   194 | D:4      | Slain by a hound

Illustrated notes

Levels and vault maps discovered:
D:4:      nicolae_cairo_tiling_very_big, layout_basic,
          nicolae_overflow_two_pavilions
D:5:      layout_rooms, temple_fountains, enter_ossuary_2, minmay_door_square
D:6:      layout_basic, serial_shops, shop, kennysheep_generic_room_11
Temple:   nicolae_temple_slightly_damp_pantheon

Action                     || total
---------------------------++-------
  Melee: Short sword       ||    26
    Use: Scroll            ||     1
         Potion            ||     1
   Stab: Sleeping          ||     1
 Armour: Leather armour    ||    21
  Dodge: Dodged            ||    25

Table legend: (Time is in decaauts)
 A = Elapsed time spent in this place.
 B = Non-inter-level travel time spent in this place.
 C = Inter-level travel time spent in this place.
 D = Time resting spent in this place.
 E = Time spent auto-exploring this place.
 F = Levels seen in this place.
 G = Mean time per level.
                   A        B        C        D        E       F      G
               +--------+--------+--------+--------+--------+-----+--------+
         Total |    190 |    161 |     29 |     36 |     16 |   4 |   47.5 |
       Dungeon |    151 |    141 |     10 |     36 |     16 |   3 |   50.3 |
        Temple |     38 |     19 |     19 |      0 |      0 |   1 |   38.0 |
               +--------+--------+--------+--------+--------+-----+--------+

Top non-repeatable levels by time:
     D:5: 78 daAuts
     D:4: 49 daAuts
  Temple: 38 daAuts
     D:6: 22 daAuts
